 Dungeon Crawl Stone Soup version 0.22-a0-812-g4c1e2d5471 (webtiles) character file.

8499 IcyTea the Cleaver (level 11, -12/104 HPs)
             Began as a Minotaur Berserker on July 23, 2018.
             Was a High Priest of Trog.
             Mangled by a red ugly thing (15 damage)
             ... on level 11 of the Dungeon.
             The game lasted 00:35:30 (8484 turns).

IcyTea the Cleaver (Minotaur Berserker)             Turns: 8484, Time: 00:35:31

Health: -12/104    AC: 17    Str: 26    XL:     11   Next: 10%
Magic:  10/10      EV:  9    Int:  4    God:    Trog [*****.]
Gold:   751        SH:  0    Dex: 12    Spells: 10/10 levels left

rFire    . . .     SeeInvis .   M - +3 executioner's axe (elec)
rCold    . . .     Gourm    .   (shield currently unavailable)
rNeg     . . .     Faith    .   y - +1 chain mail
rPois    +         Spirit   .   B - +2 hat
rElec    .         Reflect  .   z - +0 cloak
rCorr    .         Harm     .   (no gloves)
MR       .....                  I - +0 pair of boots
Stlth    ..........             f - amulet of regeneration
HPRegen  0.67/turn              J - +3 ring of strength
MPRegen  0.12/turn              b - ring of poison resistance

@: hasted, very quick
A: retaliatory headbutt, horns 2
a: Berserk, Trog's Hand, Brothers in Arms, Renounce Religion


You were on level 11 of the Dungeon.
You worshipped Trog.
Trog was extremely pleased with you.
You were not hungry.

You visited 2 branches of the dungeon, and saw 12 of its levels.
You also visited: Ossuary.

You collected 751 gold pieces.

Inventory:

Hand Weapons
 a - a +1 hand axe
 g - a +3 antimagic quarterstaff
 M - a +3 executioner's axe of electrocution (weapon)
Missiles
 h - 204 bolts
 D - 8 javelins (quivered)
 E - 5 tomahawks
Armour
 y - a +1 chain mail (worn)
 z - a +0 cloak (worn)
 B - a +2 hat (worn)
 G - a +2 robe of cold resistance
 I - a +0 pair of boots (worn)
Jewellery
 b - a ring of poison resistance (right hand)
 f - an amulet of regeneration (around neck)
 l - an uncursed ring of flight
 s - a +3 ring of intelligence
 w - an uncursed ring of protection from fire
 J - a +3 ring of strength (left hand)
Wands
 i - a wand of disintegration (15)
 p - a wand of enslavement (20)
 v - a wand of flame (59)
 C - a wand of polymorph (30)
Scrolls
 d - 8 scrolls of identify
 j - 8 scrolls of remove curse
 k - 9 scrolls of teleportation
 u - 3 scrolls of fear
 F - a scroll of immolation
 H - 3 scrolls of magic mapping
Potions
 e - 4 potions of resistance
 n - 4 potions of magic
 o - a potion of haste
 q - a potion of flight
 r - 2 potions of brilliance
 t - 6 potions of curing
 A - a potion of ambrosia
 K - a potion of cancellation {unknown}
Comestibles
 c - 28 rations
 L - 2 chunks of flesh


   Skills:
 - Level 12.0 Fighting
 - Level 14.1 Axes
 + Level 9.6 Armour
 - Level 2.1 Dodging


You had 10 spell levels left.
You didn't know any spells.
Your spell library was empty.

Dungeon Overview and Level Annotations

Branches:
Dungeon (11/15)            Temple (1/1) D:7            Lair (0/6) D:10
    Orc (0/2) D:10

Altars:
Ashenzari
Cheibriados
Dithmenos
Elyvilon
Fedhas
Gozag
Hepliaklqana
Kikubaaqudgha
Makhleb
Nemelex Xobeh
Okawaru
Qazlal
Ru
Sif Muna
Trog
Uskayaw
Vehumet
Wu Jian
Xom
Yredelemnul
Zin
The Shining One

Annotations:
D:4 exclusion: statue


Innate Abilities, Weirdness & Mutations

You reflexively headbutt those who attack you in melee.
You have a pair of horns on your head.


Message History

The red ugly thing is almost dead.
The red ugly thing tail-slaps you but does no damage.
You slash the red ugly thing!
Your headbutt misses the red ugly thing.
The red ugly thing is almost dead.
The red ugly thing tail-slaps you.
You are engulfed in flames!
You barely miss the red ugly thing.
The red ugly thing is almost dead.
The red ugly thing tail-slaps you but does no damage.
The red ugly thing tail-slaps you!
You are engulfed in flames!
* * * LOW HITPOINT WARNING * * *
The red ugly thing barely misses you. The red ugly thing tail-slaps you.
* * * LOW HITPOINT WARNING * * *
You are engulfed in flames!!
* * * LOW HITPOINT WARNING * * *
You feel yourself speed up. The red ugly thing tail-slaps you.
* * * LOW HITPOINT WARNING * * *
You are engulfed in flames!
You die...

#########
##################
........#
#.................
######..#
#..#####..#...##..
#..# #u.# #..#...##..
#..# #@.# #..#...##..
#..##..# #..#
#..#...##.. #..##..#
#..# #..#...##..
######..##..# #..#
#..#...##..
........##..# #..#
#..#...##..
.####...##..#
#..#####..#...##.. .#
#...##..# #.........
#.. .# #.......#
#......... #.. .#
#.......####..#####..


You could see a red ugly thing.

Vanquished Creatures
  Fannar (D:10)
  3 two-headed ogres
  A sixfirhy (D:8)
  A hippogriff (D:9)
  A meliai zombie (D:10)
  A spriggan (D:9)
  A hungry ghost (D:10)
  Menkaure (D:4)
  The ghost of Holzbalken the Cudgeler, an amateur GrMo (D:4)
  Edmund (D:6)
  3 orc warriors
  2 ice beasts
  2 sky beasts
  A necrophage (D:8)
  4 ogres
  A phantom (D:6)
  A centaur (D:6)
  A crocodile (D:7)
  A big kobold (D:9)
  An elf zombie (Ossuary)
  6 bullfrogs
  A scorpion (D:5)
  15 killer bees
  2 howler monkeys
  4 crimson imps
  2 bullfrog zombies
  2 centaur zombies (Ossuary)
  2 jellies
  7 hounds
  A human zombie (Ossuary)
  3 orc priests
  An iguana (D:6)
  9 orc wizards
  4 worker ants
  A big kobold zombie (Ossuary)
  3 hound zombies (Ossuary)
  A hound skeleton (D:4)
  4 mummies
  Robin (D:3)
  3 gnolls (D:7)
  12 adders
  3 shadow imps
  A white imp (D:6)
  3 oozes
  5 adder zombies
  2 adder skeletons
  3 worms
  2 dart slugs
  4 leopard geckos
  34 orcs
  6 bats
  6 giant cockroaches
  2 gnoll zombies (Ossuary)
  22 goblins
  14 hobgoblins
  4 jackals
  A quokka (D:5)
  2 ball pythons
  5 frilled lizards
  A goblin skeleton (D:6)
  2 goblin zombies
  3 hobgoblin zombies (D:6)
  A jackal skeleton (D:5)
  6 jackal zombies (Ossuary)
  12 kobolds
  A kobold skeleton (D:6)
  5 kobold zombies
  3 leopard gecko skeletons
  An orc skeleton (D:6)
  4 orc zombies
  A quokka skeleton (D:8)
  7 quokka zombies (Ossuary)
  3 rats
  A rat zombie (Ossuary)
283 creatures vanquished.

Vanquished Creatures (collateral kills)
  A hornet (D:8)
  An ogre (D:8)
  A bullfrog zombie (D:8)
  An orc wizard (D:6)
4 creatures vanquished.

Grand Total: 287 creatures vanquished

Notes
Turn   | Place    | Note
-------+----------+-------------------------------------------
     0 | D:1      | IcyTea the Minotaur Berserker began the quest for the Orb.
     0 | D:1      | Reached XP level 1. HP: 19/19 MP: 0/0
    99 | D:1      | Reached skill level 4 in Axes
   204 | D:1      | Reached XP level 2. HP: 26/26 MP: 1/1
   512 | D:1      | Found a shattered altar of Ashenzari.
   772 | D:1      | Reached skill level 5 in Axes
  1071 | D:2      | Reached ** piety under Trog
  1079 | D:2      | Reached XP level 3. HP: 20/31 MP: 2/2
  1143 | D:2      | Found a hazy altar of Hepliaklqana.
  1266 | D:2      | Found a burning altar of Makhleb.
  1268 | D:2      | Reached skill level 6 in Axes
  1268 | D:2      | Reached XP level 4. HP: 39/39 MP: 3/3
  1594 | D:3      | Found a blossoming altar of Fedhas.
  1594 | D:3      | Noticed Robin
  1606 | D:3      | Found a snail-covered altar of Cheibriados.
  1610 | D:3      | Killed Robin
  1610 | D:3      | Reached skill level 7 in Axes
  1610 | D:3      | Reached XP level 5. HP: 45/45 MP: 4/4
  2208 | D:4      | Noticed Menkaure
  2235 | D:5      | Entered Level 5 of the Dungeon
  2527 | D:5      | Reached skill level 8 in Axes
  2537 | D:5      | Noticed a sky beast
  2551 | D:5      | Killed a sky beast
  2551 | D:5      | Reached XP level 6. HP: 38/51 MP: 5/5
  2601 | D:5      | Reached skill level 9 in Axes
  2890 | D:4      | Reached *** piety under Trog
  2926 | D:4      | Killed Menkaure
  2926 | D:4      | Reached skill level 10 in Axes
  2926 | D:4      | Reached XP level 7. HP: 57/57 MP: 6/6
  2996 | D:4      | Found a radiant altar of Vehumet.
  3164 | D:4      | Found a runed door.
  3165 | D:4      | Noticed Holzbalken's ghost (amateur GrMo)
  3215 | D:4      | Killed Holzbalken's ghost
  3724 | D:6      | Found a sand-covered staircase.
  3735 | Ossuary  | Entered an ossuary
  3794 | Ossuary  | Reached skill level 11 in Axes
  3855 | Ossuary  | Reached **** piety under Trog
  3999 | Ossuary  | Reached XP level 8. HP: 64/64 MP: 7/7
  4140 | D:6      | Reached skill level 12 in Axes
  4318 | D:6      | Noticed Edmund
  4342 | D:6      | Killed Edmund
  4375 | D:6      | Found a glowing golden altar of the Shining One.
  4391 | D:6      | Reached skill level 13 in Axes
  4452 | D:6      | Reached ***** piety under Trog
  4729 | D:6      | Reached XP level 9. HP: 44/70 MP: 8/8
  4815 | D:6      | Reached skill level 14 in Axes
  4957 | D:7      | Received a gift from Trog
  5376 | D:7      | Found a sacrificial altar of Ru.
  5395 | D:7      | Reached skill level 5 in Fighting
  5590 | D:7      | Found a glowing silver altar of Zin.
  5682 | D:7      | Found a staircase to the Ecumenical Temple.
  5689 | Temple   | Entered the Ecumenical Temple
  6212 | D:8      | Found a sparkling altar of Nemelex Xobeh.
  6257 | D:8      | Paralysed by a hornet for 3 turns
  6463 | D:8      | Found a runed door.
  6479 | D:8      | Noticed a sixfirhy
  6501 | D:8      | Killed a sixfirhy
  6501 | D:8      | Reached skill level 10 in Fighting
  6501 | D:8      | Reached XP level 10. HP: 27/94 MP: 9/9
  6683 | D:8      | Found an iron altar of Okawaru.
  6867 | D:8      | Noticed a two-headed ogre
  6877 | D:8      | Killed a two-headed ogre
  7629 | D:10     | Entered Level 10 of the Dungeon
  7789 | D:10     | Found a staircase to the Orcish Mines.
  7812 | D:10     | Reached skill level 5 in Armour
  7925 | D:10     | Noticed a two-headed ogre
  7930 | D:10     | Noticed Fannar
  8064 | D:10     | Killed Fannar
  8070 | D:10     | Killed a two-headed ogre
  8134 | D:10     | Reached XP level 11. HP: 95/104 MP: 10/10
  8172 | D:10     | Found a staircase to the Lair.
  8292 | D:11     | Noticed a two-headed ogre
  8293 | D:11     | Identified a scroll of acquirement
  8301 | D:11     | Killed a two-headed ogre
  8456 | D:11     | Noticed a red ugly thing
  8484 | D:11     | HP: 3/104 [red ugly thing (6)]
  8484 | D:11     | Mangled by a red ugly thing

Vault maps used:
D:1:      lightli_arrival_statue_moat, nicolae_ashenzari_panopticon
D:2:      lemuel_round_altar, makhleb_blood_cavern_becter
D:3:      nicolae_overflow_crystal_walls, cheibriados_altar_1, uniq_robin
D:4:      vehumet_statue, hellmonk_ghost_happy_afterlife, corexii_checkpoint_b,
          minmay_misc_feat_enclosed, uniq_menkaure
D:5:      first_ration
D:6:      nicolae_tso_besieged_by_evil, gup_ossuary_entry_pyramid, uniq_edmund
D:7:      corexii_shantytown, old_standard_altar,
          minmay_temple_entry_enclosed_plants, basic_altar
D:8:      cheibrodos_shockbox, marbit_many_paths, overflow_temple_1_default
D:9:      the_bakery
D:10:     lair_entry_dummy, orc_0_dummy, uniq_fannar
Temple:   nicolae_temple_great_sept
Ossuary:  minmay_ossuary_two_tombs

Skill      XL: |  1  2  3  4  5  6  7  8  9 10 11 |
---------------+----------------------------------+-----
Axes           | 4 5 6 7 8 10 11 13 14 | 14.1
Fighting       | 10 12 | 12.0
Armour         | 8 9 |  9.6
Dodging        | |  2.1

Action                   |  1- 3 |  4- 6 |  7- 9 | 10-12 || total
-------------------------+-------+-------+-------+-------++-------
Melee: Hand axe          |    65 |    78 |   527 |   158 ||   828
       Headbutt          |     9 |    19 |    94 |    44 ||   166
       Unarmed           |       |       |    17 |       ||    17
       Quarterstaff      |       |       |     1 |       ||     1
       Executioner's axe |       |       |       |    10 ||    10
Throw: Stone             |     9 |       |       |       ||     9
       Tomahawk          |       |       |     1 |       ||     1
       Javelin           |       |       |       |     1 ||     1
Invok: Berserk           |       |     2 |     5 |     2 ||     9
       Trog's Hand       |       |       |     1 |     2 ||     3
       Brothers in Arms  |       |       |     1 |       ||     1
  Use: Scroll            |     5 |     4 |     4 |     3 ||    16
       Potion            |     1 |     3 |     7 |     2 ||    13
  Eat: Chunk             |     1 |     6 |    18 |    10 ||    35
Armor: Animal skin       |     3 |       |       |       ||     3
       Ring mail         |     8 |    18 |     3 |       ||    29
       Chain mail        |       |       |   170 |    79 ||   249
       Skin              |       |       |    15 |       ||    15
Dodge: Dodged            |    49 |    47 |   152 |    62 ||   310

Table legend:
 A = Spawn XP
 B = Non-spawn XP
 C = Spawn XP percentage of total XP
 D = Spawn monster count
 E = Non-spawn monster count
 F = Spawn count percentage of total count
 G = Total turns spent on level
                    A         B        C        D         E        F      G
               +---------+---------+-------+---------+---------+-------+---------
         Total |       0 |   12142 |   0.0 |       0 |     287 |   0.0 |  8484
               +---------+---------+-------+---------+---------+-------+---------
           D:1 |       0 |      37 |   0.0 |       0 |      22 |   0.0 |   980
           D:2 |       0 |     123 |   0.0 |       0 |      15 |   0.0 |   616
           D:3 |       0 |      78 |   0.0 |       0 |      26 |   0.0 |   483
           D:4 |       0 |     577 |   0.0 |       0 |      17 |   0.0 |   888
           D:5 |       0 |     307 |   0.0 |       0 |       7 |   0.0 |   694
           D:6 |       0 |    1536 |   0.0 |       0 |      51 |   0.0 |   954
           D:7 |       0 |     490 |   0.0 |       0 |      35 |   0.0 |   997
           D:8 |       0 |    3293 |   0.0 |       0 |      34 |   0.0 |   908
           D:9 |       0 |    1412 |   0.0 |       0 |      19 |   0.0 |   883
          D:10 |       0 |    2722 |   0.0 |       0 |      18 |   0.0 |   395
          D:11 |       0 |    1151 |   0.0 |       0 |       6 |   0.0 |   271
       Ossuary |       0 |     416 |   0.0 |       0 |      37 |   0.0 |   324
               +---------+---------+-------+---------+---------+-------+---------
